 Dungeon Crawl Stone Soup version 0.29.1-15-g9cfb28693d (webtiles) character file.

Game seed: 10005838518690543632

248 DemonSlayer the Magician (level 5, -2/35 HPs)
             Began as a Demonspawn Earth Elementalist on Apr 9, 2023.
             Slain by Grinder (7 damage)
             ... on level 3 of the Dungeon.
             The game lasted 00:06:32 (3013 turns).

DemonSlayer the Magician (DsEE)                     Turns: 3013, Time: 00:06:33

Health: -2/35      AC:  8    Str: 15    XL:     5   Next: 86%
Magic:  4/11       EV: 12    Int: 16    God:
Gold:   126        SH:  0    Dex: 15    Spells: 0/12 levels left

rFire   . . .      SeeInvis +   h - +0 short sword
rCold   + . .      Faith    .   (no shield)
rNeg    . . .      Spirit   .   r - +0 robe "Ewoenleb" {rC+ Str+6 SInv}
rPois   .          Reflect  .   e - +1 hat
rElec   .          Harm     .   (no cloak)
rCorr   .          Rampage  .   f - +2 pair of gloves
Will    .....                   (no boots)
Stlth   ++........              (no amulet)
HPRegen 0.11/turn               (no ring)
MPRegen 0.12/turn               (no ring)

@: attractive, flying, very slightly contaminated, invisible (expiring)
A: antennae 1, slimy green scales 1, foul stench 1
a: no special abilities


You were on level 3 of the Dungeon.
You visited 1 branch of the dungeon, and saw 3 of its levels.
You also visited: Sewer.

You collected 126 gold pieces.

Inventory:

Hand Weapons
 h - a +0 short sword (weapon)
Missiles
 c - 5 poisoned darts
Armour
 e - a +1 hat (worn)
 f - a +2 pair of gloves (worn)
 r - the +0 robe "Ewoenleb" (worn) {rC+ Str+6 SInv}
   (You found it on level 2 of the Dungeon)

   Str:       It affects your strength (+6).
   rC:        It protects you from cold.
   SInv:      It lets you see invisible.
Wands
 b - a wand of mindburst (12)
Scrolls
 d - 2 scrolls of teleportation {unknown}
 l - 2 scrolls of immolation {unknown}
 m - 2 scrolls of identify {unknown}
 n - a scroll of brand weapon {unknown}
 q - a scroll of summoning {unknown}
 s - a scroll of blinking {unknown}
 v - a scroll of fog {unknown}
Potions
 a - a potion of might {unknown}
 g - a potion of flight
 i - a potion of lignification {unknown}
 j - a potion of degeneration {unknown}
 k - 2 potions of attraction
 p - a potion of haste {unknown}
 t - a potion of cancellation {unknown}
 u - a potion of mutation {unknown}


   Skills:
 + Level 0.1 Fighting
 + Level 0.3 Short Blades
 + Level 2.0 Dodging
 + Level 2.1 Stealth
 + Level 4.2 Spellcasting
 + Level 0.1 Conjurations
 + Level 0.8 Transmutations
 + Level 4.2 Earth Magic


You couldn't memorise any spells.
You knew the following spells:

 Your Spells              Type           Power      Damage    Failure   Level
a - Sandblast             Erth           34%        2d9       3%          1
b - Blink                 Tloc           6%         N/A       26%         2
c - Stone Arrow           Conj/Erth      20%        3d8       21%         3
d - Passwall              Tmut/Erth      9%         N/A       9%          2
e - Petrify               Tmut/Erth      11%        N/A       50%         4

Your spell library contained the following spells:

 Spells                   Type           Power      Damage    Failure   Level
 Lesser Beckoning         Tloc           3%         N/A       45%         3
 Ice Form                 Ice/Tmut       4%         N/A       80%         4
 Hailstorm                Conj/Ice       3%         3d3       85%         4
 Manifold Assault         Tloc           3%         N/A       99%         5
 Simulacrum               Ice/Necr       1%         N/A       100%        6


Dungeon Overview and Level Annotations

Branches:
Dungeon (3/15)              Sewer (visited)

Altars:

Annotations:
D:3 1 runed translucent door, Grinder; MysteronAgent647's ghost, weakling FeFE


Innate Abilities, Weirdness & Mutations

You have a pair of small antennae on your head.
You are partially covered in slimy green scales. (AC +2)
You may rarely emit foul miasma when damaged in melee.


Message History

The blast of sand hits Grinder.
Grinder is severely wounded.
Grinder hits you but does no damage.
Grinder says, "Wait up."
Grinder closely misses you.
Casting: Sandblast (safe; 3% risk of failure)
Confirm with . or Enter, or press ? or * to list all spells.
Aiming: Sandblast (safe; 3% risk of failure)
Press: ? - help, Shift-Dir - straight line, f/p - Grinder
Aim: Grinder (severely wounded, unable to see you, 80% to hit)
The blast of sand hits Grinder!
Grinder is almost dead.
Grinder gestures at you. Pain shoots through your body!
* * * LOW HITPOINT WARNING * * *
Unknown command.
Casting: Sandblast (safe; 3% risk of failure)
Confirm with . or Enter, or press ? or * to list all spells.
Aiming: Sandblast (safe; 3% risk of failure)
Press: ? - help, Shift-Dir - straight line, f/p - Grinder
Aim: Grinder (almost dead, unable to see you, 80% to hit)
You miscast Sandblast.
You are very lightly contaminated with residual magic.
Nothing appears to happen.
You flicker for a moment.
Grinder barely misses you.
Unknown command.
Casting: Sandblast (safe; 3% risk of failure)
Confirm with . or Enter, or press ? or * to list all spells.
Aiming: Sandblast (safe; 3% risk of failure)
Press: ? - help, Shift-Dir - straight line, f/p - Grinder
Aim: Grinder (almost dead, unable to see you, 80% to hit)
The blast of sand hits Grinder.
Grinder is almost dead.
Grinder hits you.
* * * LOW HITPOINT WARNING * * *
You writhe in agony.
* * * LOW HITPOINT WARNING * * *
Grinder hits you!
You die...

.###..###~#~#.~##~#
.# #..###~#~#####~#
##
#....#~##~~~~~####
#.#.##~########..#
#.###.##~~.~.~~~#.#
#.# ##.##########.#
..# ##.#########.#
## #............#
#.########@#### #.#
#5# ..# #.# #.#
####.# #. #....# #
#.#### #.# #ยง# #.#


You could see Grinder (unable to see you).

Vanquished Creatures
  A water moccasin (Sewer)
  Jessica (D:2)
  5 adders (D:2)
  A river rat (D:3)
  A worm (D:3)
  A dart slug (D:1)
  3 bats
  5 endoplasms
  4 giant cockroaches
  9 goblins
  6 hobgoblins
  4 jackals
  3 kobolds (D:1)
  2 quokkas (D:1)
  2 ball pythons (D:1)
  A frilled lizard (D:2)
  4 rats
53 creatures vanquished.

Notes
Turn   | Place    | Note
-------+----------+-------------------------------------------
     0 | D:1      | DemonSlayer the Demonspawn Earth Elementalist began the
                  | quest for the Orb.
     0 | D:1      | Reached XP level 1. HP: 13/13 MP: 3/3
   479 | D:1      | Gained mutation: You have a pair of small antennae on your
                  | head. [demonic ancestry]
   479 | D:1      | Reached XP level 2. HP: 19/19 MP: 1/5
  1342 | D:1      | Gained mutation: You are partially covered in slimy green
                  | scales. (AC +2) [demonic ancestry]
  1342 | D:1      | Reached XP level 3. HP: 24/24 MP: 5/7
  1386 | D:1      | Learned a level 2 spell: Blink
  1390 | D:1      | Learned a level 3 spell: Stone Arrow
  1480 | D:2      | Noticed Jessica
  1483 | D:2      | Killed Jessica
  1549 | D:2      | Reached XP level 4. HP: 26/30 MP: 4/8
  1928 | D:2      | Identified the +0 robe "Ewoenleb" {rC+ Str+6 SInv}
  2367 | D:2      | Learned a level 2 spell: Passwall
  2464 | D:3      | Found a runed translucent door.
  2467 | D:3      | Noticed MysteronAgent647's ghost (weakling FeFE)
  2599 | D:3      | Gained mutation: You may rarely emit foul miasma when
                  | damaged in melee. [demonic ancestry]
  2599 | D:3      | Reached XP level 5. HP: 23/35 MP: 5/10
  2728 | D:3      | Found a glowing drain.
  2732 | Sewer    | Entered a sewer
  2784 | Sewer    | Noticed a water moccasin
  2792 | Sewer    | Killed a water moccasin
  2908 | Sewer    | Learned a level 4 spell: Petrify
  2980 | D:3      | Noticed Grinder
  2980 | D:3      | Paralysed by Grinder for 2 turns
  3013 | D:3      | Slain by Grinder

Illustrated notes

Levels and vault maps discovered:
D:1:      roderic_crossed_star, layout_loops_corners
D:2:      kennysheep_the_goblin_king, layout_loops_ring, uniq_jessica
D:3:      layout_loops_corners, mainiacjoe_overflow_six_doors_small,
          old_standard_altar, gup_sewer_entry_spiral,
          hellmonk_ghost_happy_afterlife, guppyfry_early_orc_mine, uniq_sigmund,
          uniq_grinder

Skill      XL: |  1  2  3  4  5 |
---------------+----------------+-----
Earth Magic    | 3 4 |  4.2
Spellcasting   | 3 4 |  4.2
Dodging        | 2 |  2.0
Stealth        | 2 |  2.1
Fighting       | |  0.1
Short Blades   | |  0.3
Conjurations   | |  0.1
Transmutations | |  0.8

Action                   |  1- 3 |  4- 6 || total
-------------------------+-------+-------++-------
Melee: Short sword       |    13 |    14 ||    27
 Cast: Sandblast         |    48 |    51 ||    99
       Stone Arrow       |       |     4 ||     4
  Use: Potion            |       |     5 ||     5
 Stab: Sleeping          |     1 |       ||     1
Armor: Robe              |    14 |    15 ||    29
Dodge: Dodged            |    30 |    28 ||    58
